cohdb
Replays
Latest Replays
All Replays
Popular Replays
Top Player Replays
Match Explorer
How It Works
Community
CoH3 Stats
Reddit
Sign in to upload your games and track your stats! →
Sign in with Steam
Match 46171076
Unlisted
Match 46171076
Overview
Messages
Build Orders
End
Construct Barracks
Selects Armored Battlegroup
Selects Veteran Crews
Riflemen Squad
Riflemen Squad
Riflemen Squad
Grenade Package
Construct Weapon Support Center
M1919 Machine Gun Team
Selects Fast Deploy
Infantry Support Center
Construct Medical Station
M3 Armored Personnel Carrier
M1918 Browning Automatic Rifles
Engineer Squad
Selects Seek and Destroy
Selects UNKNOWN (2160077)
M1 Mortar Team
Construct Tank Depot
Selects M31 Recovery Vehicle
Don Pitudo
Survivalist
Delivery_Boi
GohanのFans
Valkyrie_Tone
???
0
0
Comments
sign in to comment!
No comments posted yet!